 Dungeon Crawl Stone Soup version 0.21-a0-8-gcf94df6 (webtiles) character file.

256 Rrauwl the Cudgeler (level 6, -2/62 HPs)
             Began as an Ogre Berserker on May 23, 2017.
             Was a Believer of Trog.
             Slain by a gnoll
             ... wielding a +0 flail
              (8 damage)
             ... on level 4 of the Dungeon.
             The game lasted 00:05:48 (3256 turns).

Rrauwl the Cudgeler (Ogre Berserker)                Turns: 3256, Time: 00:05:49

Health: -2/62      AC:  3    Str: 20 (22) XL:     6   Next: 16%
Magic:  6/6        EV: 10    Int:  5 (8)  God:    Trog [**....]
Gold:   152        SH:  0    Dex:  9 (10) Spells: 5/5 levels left

rFire    . . .     SeeInvis .   a - +0 mace
rCold    . . .     Gourm    .   (no shield)
rNeg     . . .     Faith    .   b - +0 animal skin
rPois    .         Spirit   .   (helmet restricted)
rElec    .         Reflect  .   (no cloak)
rCorr    .         Harm     .   (gloves unavailable)
MR       .....                  (boots unavailable)
Stlth    +.........             (no amulet)
Regen    0.2/turn               m - ring of flight
MPRegen  0.1/turn               (no ring)

@: slowed, very slow
A: unfitting armour, tough skin 1
a: Berserk, Trog's Hand, Burn Spellbooks, Renounce Religion, Evoke Flight


You were on level 4 of the Dungeon.
You worshipped Trog.
Trog was pleased with you.
You were near starving.

You visited 1 branch of the dungeon, and saw 4 of its levels.

You collected 152 gold pieces.

Inventory:

Hand Weapons
 a - a +0 mace (weapon)
Armour
 b - a +0 animal skin (worn)
Jewellery
 m - a ring of flight (left hand)
Wands
 n - a wand of lightning (4/15)
 y - a wand of paralysis (15/24)
Scrolls
 e - 4 scrolls of amnesia {unknown}
 g - 3 scrolls of teleportation {unknown}
 j - 2 scrolls of random uselessness {unknown}
 k - a scroll of immolation {unknown}
 l - 2 scrolls of fog {unknown}
 u - a scroll of magic mapping {unknown}
 v - 2 scrolls of fear {unknown}
 w - a scroll of remove curse {unknown}
 x - a scroll of identify {unknown}
 A - a scroll of blinking {unknown}
Potions
 d - a potion of brilliance {unknown}
 f - a potion of resistance {unknown}
 h - a potion of berserk rage {unknown}
 i - a potion of mutation {unknown}
 p - a potion of curing
 q - a potion of magic {unknown}
 r - a potion of flight {unknown}
 s - a potion of degeneration
 t - a potion of cancellation {unknown}
 z - a potion of ambrosia {unknown}
Comestibles
 c - 4 bread rations


   Skills:
 - Level 4.0 Fighting
 + Level 6.0 Maces & Flails
 - Level 3.0 Dodging


You had 5 spell levels left.
You didn't know any spells.

Dungeon Overview and Level Annotations

Branches:
Dungeon (4/15)
 Temple: D:4-7

Altars:
Makhleb


Innate Abilities, Weirdness & Mutations

You are too large for most types of armour.
You have tough skin. (AC +1)


Message History

There was something very wrong with that liquid.
You feel weakened.
You feel dopey.
You feel clumsy.
The quokka skeleton moves out of view.
The gnoll hits you with a spear.
* * * LOW HITPOINT WARNING * * *
The orc hits you but does no damage. The gnoll completely misses you.
The gnoll hits you with a spear.
* * * LOW HITPOINT WARNING * * *
It was a potion of curing.
You feel better. The orc hits you.
* * * LOW HITPOINT WARNING * * *
The gnoll hits you with a flail.
* * * LOW HITPOINT WARNING * * *
The gnoll barely misses you. The orc hits you but does no damage.
The gnoll closely misses you. The gnoll barely misses you.
The orc closely misses you.
The gnoll hits you from afar with a spear.
* * * LOW HITPOINT WARNING * * *
You see here a flail.
You are near starving!
The gnoll hits you with a flail!
You die...

#.#...........
#.....<.#
##...#..#
##......# #
#.......#
+>.?.#....##
###..#.))##
#.....>.o###
#...#..gg@.#
#..!.....#.#
#..#....##$#
#........ .#
#.#...... .. #
#####.....
......#
#.###.#


You could see 2 gnolls and an orc.

Vanquished Creatures
  An orc priest (D:4)
  Ijyb (D:3)
  Natasha (twice) (D:3)
  A worker ant (D:3)
  4 adders
  2 gnolls (D:4)
  3 worms
  4 leopard geckos
  3 orcs (D:4)
  9 bats
  2 giant cockroaches
  3 goblins
  4 hobgoblins
  8 jackals (D:1)
  2 quokkas
  3 frilled lizards
  5 kobolds
  4 rats
61 creatures vanquished.

Notes
Turn   | Place    | Note
-------+----------+-------------------------------------------
     0 | D:1      | Rrauwl the Ogre Berserker began the quest for the Orb.
     0 | D:1      | Reached XP level 1. HP: 24/24 MP: 1/1
    79 | D:1      | Reached XP level 2. HP: 17/32 MP: 2/2
   269 | D:1      | Reached skill level 3 in Maces & Flails
   611 | D:1      | Reached XP level 3. HP: 35/39 MP: 3/3
  1166 | D:2      | Found a burning altar of Makhleb.
  1572 | D:2      | Reached skill level 4 in Maces & Flails
  1574 | D:2      | Reached ** piety under Trog
  1713 | D:2      | Reached XP level 4. HP: 48/48 MP: 4/4
  2283 | D:3      | Noticed Natasha
  2288 | D:3      | Killed Natasha
  2296 | D:3      | Noticed Natasha
  2306 | D:3      | Killed Natasha
  2306 | D:3      | Reached skill level 5 in Maces & Flails
  2306 | D:3      | Reached XP level 5. HP: 16/54 MP: 5/5
  2551 | D:3      | Noticed Ijyb
  2562 | D:3      | Killed Ijyb
  3243 | D:4      | Reached XP level 6. HP: 58/62 MP: 6/6
  3249 | D:4      | Reached skill level 6 in Maces & Flails
  3256 | D:4      | Slain by a gnoll

Vault maps used:
D:1:      dpeg_arrival_chambers_temple_mockup, minmay_hexomino_u4
D:2:      lemuel_doored_altar
D:3:      uniq_natasha, uniq_ijyb
D:4:      gammafunk_temple_overflow_arena, cheibriados_altar_1,
          minmay_temple_entry_nine_rooms, first_bread,
          minmay_a_box_with_orc_wizards_in_it

Skill      XL: |  1  2  3  4  5  6 |
---------------+-------------------+-----
Dodging        | 3 |  3.0
Maces & Flails | 3 4 5 6 |  6.0
Fighting       | |  4.0

Action                   |  1- 3 |  4- 6 || total
-------------------------+-------+-------++-------
Melee: Mace              |   114 |    88 ||   202
Invok: Berserk           |     1 |     3 ||     4
       Trog's Hand       |       |     1 ||     1
  Use: Potion            |       |     2 ||     2
  Eat: Meat ration       |     1 |       ||     1
       Chunk             |       |     3 ||     3
       Royal jelly       |       |     1 ||     1
Armor: Animal skin       |    53 |    23 ||    76
Dodge: Dodged            |    89 |    63 ||   152
